 Dungeon Crawl Stone Soup version 0.27-a0-394-g49c82dfaf2 (webtiles) character file.

Game seed: 17578603756714869394

12 hehateme the Vexing (level 2, -11/22 HPs)
             Began as a Human Wanderer on Feb 20, 2021.
             Mangled by an orc warrior
             ... wielding a +0 dire flail
              (17 damage)
             ... on level 1 of the Dungeon.
             The game lasted 00:01:54 (1115 turns).

hehateme the Vexing (Human Wanderer)                Turns: 1115, Time: 00:01:55

Health: -11/22     AC:  8    Str: 11    XL:     2   Next: 45%
Magic:  2/2        EV:  7    Int: 14    God:
Gold:   30         SH:  3    Dex: 11    Spells: 1/1 levels left

rFire    . . .     SeeInvis .   b - +0 dagger
rCold    . . .     Faith    .   c - +0 buckler
rNeg     . . .     Spirit   .   d - +2 scale mail
rPois    .         Reflect  .   (no helmet)
rElec    .         Harm     .   (no cloak)
rCorr    .         Rampage  .   (no gloves)
Will     .....                  (no boots)
Stlth    ..........             (no amulet)
HPRegen  0.07/turn              (no ring)
MPRegen  0.08/turn              (no ring)

@: no status effects
A: no striking features
a: no special abilities


You were on level 1 of the Dungeon.
You visited 1 branch of the dungeon, and saw 2 of its levels.

You collected 30 gold pieces.

Inventory:

Hand Weapons
 a - a +0 club
 b - a +0 dagger (weapon)
Missiles
 Q - 19 stones (quivered)
Armour
 c - a +0 buckler (worn)
 d - a +2 scale mail (worn)
Scrolls
 t - a scroll of teleportation


   Skills:
 + Level 1.9 Fighting
 - Level 1.0 Crossbows
 + Level 1.0 Throwing
 - Level 3.0 Armour
 - Level 1.0 Shields
 - Level 3.0 Hexes
 - Level 1.0 Evocations


You had one spell level left.
You didn't know any spells.
Your spell library was empty.

Dungeon Overview and Level Annotations

Branches:
Dungeon (2/15)

Altars:

Annotations:
D:2 Terence


Message History

Pain shoots through your body!
Ouch! That really hurt!
* * * LOW HITPOINT WARNING * * *
The orc hits you but does no damage.
You take 12 damage, and have 8/22 hp.
GAME OVER YEAH!!
There are monsters nearby!
The orc priest begins to cast a cantrip, but forgets the words!
The orc wizard hits you with a +0 dagger.
* * * LOW HITPOINT WARNING * * *
You take 1 damage, and have 7/22 hp.
There is an escape hatch in the ceiling here.
You block the bat's attack. The orc warrior barely misses you.
A mysterious force pulls you upwards. The hatch slams shut behind you.
You block the bat's attack. The bat closely misses you.
The bat hits you but does no damage. You block the bat's attack.
You block the bat's attack. The bat hits you but does no damage.
You block the bat's attack. The bat barely misses you.
The bat hits you but does no damage. The bat hits you but does no damage.
You block the bat's attack. You block the bat's attack.
The bat barely misses you. The bat barely misses you.
The bat barely misses you. The bat completely misses you.
The bat barely misses you. The bat hits you but does no damage.
You hit the bat but do no damage. The bat hits you but does no damage.
You hit the bat. The bat hits you.
* * * LOW HITPOINT WARNING * * *
The bat hits you.
* * * LOW HITPOINT WARNING * * *
The bat barely misses you.
You take 2 damage, and have 6/22 hp.
You hit the bat.
You kill the bat!
The orc warrior hits you but does no damage.
The orc warrior hits you with a +0 dire flail!
Ouch! That really hurt!
You die...

#.##.# #.##.# ######
#.##.# .....# #.##.#
.....# #.##.# .....#
#.##.# .....# #.##.#
.################o##.#
................@.##.#
####################.#
..................##.#
####.........####.##.#
#.........# #.##.#
####.........# #.##.#
...'.........# #.##.#
####.........# #.##.#
#......####### #.##.#

Skill      XL: |  1  2 |
---------------+-------+-----
Throwing       | 1 |  1.0
Fighting       | |  1.9
Crossbows      | |  1.0
Armour         | |  3.0
Shields        | |  1.0
Hexes          | |  3.0
Evocations     | |  1.0

Notes
Turn   | Place    | Note
-------+----------+-------------------------------------------
     0 | D:1      | hehateme the Human Wanderer began the quest for the Orb.
     0 | D:1      | hehateme set off with the following items: a +0 club, a +0
                  | buckler, a +2 scale mail, a scroll of teleportation
     0 | D:1      | Reached XP level 1. HP: 15/15 MP: 1/1
   512 | D:1      | Reached XP level 2. HP: 21/21 MP: 2/2
   988 | D:1      | Reached skill level 1 in Throwing
  1091 | D:2      | Noticed Terence
  1091 | D:2      | Noticed an orc warrior
  1115 | D:1      | Mangled by an orc warrior

Table legend: (Time is in decaauts)
 A = Elapsed time spent in this place.
 B = Non-inter-level travel time spent in this place.
 C = Inter-level travel time spent in this place.
 D = Time resting spent in this place.
 E = Time spent auto-exploring this place.
 F = Levels seen in this place.
 G = Mean time per level.
                   A        B        C        D        E       F      G
               +--------+--------+--------+--------+--------+-----+--------+
         Total |   1131 |   1131 |      0 |      0 |    855 |   2 |  565.5 |
       Dungeon |   1131 |   1131 |      0 |      0 |    855 |   2 |  565.5 |
               +--------+--------+--------+--------+--------+-----+--------+

Top non-repeatable levels by time:
     D:1: 1124 daAuts
     D:2: 6 daAuts

Table legend:
 A = Kills in this place as a percentage of kills in entire the game.
 B = Kills by you in this place as a percentage of kills by you in the entire game.
 C = Kills by friends in this place as a percentage of kills by friends in the entire game.
 D = Other kills in this place as a percentage of other kills in the entire game.
 E = Experience gained in this place as a percentage of experience gained in the entire game.
 F = Experience gained in this place divided by the number of levels of this place that you have seen.
                   A       B       C       D       E      F
               +-------+-------+-------+-------+-------+----------------------
         Total | 100.0 | 100.0 |   N/A |   N/A | 100.0 |   9.0
       Dungeon | 100.0 | 100.0 |   N/A |   N/A | 100.0 |   9.0
               +-------+-------+-------+-------+-------+----------------------

Action                   || total
-------------------------++-------
Melee: Club              ||    29
       Dagger            ||    30
Throw: Stone             ||    29
Armor: Scale mail        ||    40
Dodge: Dodged            ||    45
Block: Buckler           ||    22

Vanquished Creatures
  A goblin (D:1)
  2 hobgoblins (D:1)
  3 jackals (D:1)
  2 bats (D:1)
  A frilled lizard (D:1)
  2 kobolds (D:1)
  A rat (D:1)
12 creatures vanquished. You could see an orc warrior.

Levels and vault maps discovered:
D:1:      minmay_arrival_split_and_join, layout_basic, minmay_tripent
D:2:      layout_loops_ring, chequers_serial_rivers_small_3,
          kennysheep_generic_room_7, uniq_terence, uniq_natasha
